Map: Abyssal Reef LE

Players

Pirateskullz - Winner!

  • Race: Terran Terran
  • League: Gold
  • Spawn Location: 5:00

Otaylig

  • Race: Zerg Zerg
  • League: Silver
  • Spawn Location: 11:00

VOD

Have the link to the VOD?

Description

Time

  • Played on: April 17, 2017, 7:15 p.m.
  • Length: 10:39
Show
View Real Time Build Order
Export as new Build Order

Pirateskullz Terran - Winner!

Build Orders: Mech 

Get SALT Encoding   

  12  0:01  SCV  
  13  0:13  SCV  
  14  0:20  Supply Depot  
  14  0:26  SCV  
  15  0:32  Refinery  
  15  0:42  SCV  
  16  0:47  Barracks  
  16  0:54  SCV  
  17  1:02  Supply Depot  
  17  1:06  SCV  
  19  1:18  SCV  
  19  1:41  Orbital Command  
  19  1:44  Refinery  
  19  1:49  Barracks, Barracks Reactor  
  19  2:19  Command Center  
  19  2:21  SCV  
  20  2:27  Marine  
  20  2:29  Marine  
  22  2:44  Barracks Tech Lab  
  22  2:47  Factory  
  22  2:48  SCV  
  23  3:00  SCV  
  24  3:06  Marauder, Marine x2  
  24  3:12  SCV  
  29  3:24  SCV  
  30  3:33  Supply Depot  
  30  3:34  Orbital Command  
  30  3:36  SCV  
  31  3:43  Marauder, Marine x2  
  35  3:49  Factory Reactor  
  35  3:52  SCV  
  36  4:01  SCV  
  37  4:04  SCV  
  37  4:08  Marauder, Marine x2  
  42  4:13  SCV  
  42  4:16  SCV  
  44  4:25  SCV  
  44  4:26  Supply Depot  
  44  4:28  SCV  
  44  4:30  Factory  
  48  4:31  Marauder  
  48  4:32  Marine  
  48  4:34  Marine  
  50  4:50  Marine  
  50  4:51  Hellion  
  50  4:52  Hellion, SCV  
  58  4:53  Marauder  
  58  4:55  SCV  
  59  5:05  Supply Depot  
  59  5:10  Marine x2  
  59  5:13  SCV  
  62  5:19  Supply Depot  
  62  5:21  Supply Depot  
  62  5:22  Factory Tech Lab  
  62  5:26  SCV x2  
  62  5:27  Marine, Marauder  
  67  5:29  Hellion  
  67  5:34  Supply Depot  
  69  5:38  SCV  
  69  5:41  Hellion  
  72  5:49  Marauder, Marine x2  
  76  5:50  Siege Tank  
  76  5:52  Hellion  
  76  5:53  Infernal Pre-Igniter  
  76  6:08  Marine x2  
  76  6:10  Marine  
  71  6:25  Barracks, Marine  
  71  6:26  Marine, Siege Tank  
  71  6:27  Hellion x2  
  76  6:33  Marine  
  76  6:35  SCV x2  
  79  6:43  Marine  
  79  6:45  Barracks  
  73  6:47  Barracks  
  73  6:49  Hellion x2  
  73  6:53  Marine x2  
  70  7:03  Marine  
  70  7:05  Hellion  
  70  7:08  SCV x2  
  72  7:11  Marine  
  72  7:13  Marine  
  72  7:15  Barracks Reactor  
  72  7:18  Factory  
  72  7:19  Command Center  
  72  7:20  SCV x2  
  72  7:24  Supply Depot  
  72  7:26  Supply Depot  
  72  7:27  Hellion x3  
  78  7:31  Marauder, Marine x2  
  78  7:34  SCV x2  
  80  7:41  Refinery  
  80  7:45  Barracks Reactor x2  
  80  7:46  SCV  
  80  7:48  Hellion, Marine  
  80  7:49  Hellion, Marine  
  87  8:07  Marine x3  
  87  8:08  Marine x2  
  78  8:25  Marine x4  
  78  8:26  Marauder  
  73  8:38  Marine x2  
  73  8:43  Marine x2  
  73  8:44  Hellion x2  
  73  8:45  Siege Tank  
  73  8:48  Marauder  
  76  9:04  Marine x5  
  76  9:05  Hellion x2, Marine  
  76  9:08  Factory Reactor  
  76  9:09  Marauder  
  80  9:22  Marine x6  
  86  9:25  SCV  
  86  9:26  Orbital Command  
  86  9:27  Hellion x2  
  86  9:28  SCV  
  86  9:30  Marine  
  93  9:31  Hellion  
  93  9:37  SCV  
  96  9:39  Marine  
  96  9:40  SCV  
  98  9:48  Hellion x2  
  102  9:53  Marine x3  
  102  9:54  Marine x3  
  102  9:56  Hellion x3  
  102  9:57  Marine  
  106  10:09  Hellion x2  
  106  10:11  Marine x4  
  114  10:17  Hellion  
Show
View Real Time Build Order
Export as new Build Order

Otaylig Zerg 

Build Orders: Hatch First 

Get SALT Encoding   

  12  0:01  Drone  
  13  0:12  Overlord  
  13  0:17  Drone  
  14  0:32  Drone x2  
  14  0:35  Drone  
  17  0:57  Hatchery  
  17  1:00  Drone  
  18  1:04  Drone  
  18  1:17  Drone  
  19  1:22  Spawning Pool  
  19  1:25  Drone  
  18  1:37  Drone  
  20  1:40  Drone  
  20  1:58  Hatchery  
  19  2:04  Overlord x2  
  19  2:14  Drone  
  19  2:15  Drone  
  21  2:31  Zergling x4  
  21  2:33  Queen  
  21  2:34  Queen  
  27  2:40  Drone x2  
  27  2:42  Drone  
  30  2:47  Extractor  
  30  2:58  Drone x3  
  32  3:09  Drone x2  
  34  3:17  Drone x3  
  37  3:35  Drone x2  
  37  3:36  Drone x3  
  42  3:43  Queen x2  
  46  3:52  Metabolic Boost  
  46  3:59  Drone x2  
  46  4:00  Drone x2  
  50  4:07  Spore Crawler  
  48  4:18  Spore Crawler  
  46  4:27  Zergling x8  
  46  4:30  Overlord x3  
  46  4:31  Overlord x2  
  50  4:40  Baneling Nest  
  50  4:45  Drone x2, Extractor  
  50  4:50  Drone  
  51  5:11  Lair, Extractor  
  51  5:13  Drone x4, Extractor  
  53  5:16  Drone  
  53  5:17  Drone  
  53  5:19  Zergling x4  
  53  5:20  Zergling x2  
  58  5:35  Evolution Chamber  
  57  5:36  Evolution Chamber  
  57  5:40  Drone x2  
  57  5:42  Zergling x16  
  66  5:49  Overlord x3  
  66  6:02  Zergling x16  
  65  6:18  Zergling x12  
  59  6:28  Zergling x2  
  59  6:29  Zergling x14  
  57  6:50  Zergling x4  
  57  6:51  Zergling x4  
  57  7:04  Zergling x4  
  58  7:32  Zergling x16  
  58  7:36  Hatchery  
  58  7:47  Baneling x4  
  58  7:48  Centrifical Hooks  
  58  7:52  Zergling x8  
  62  8:01  Baneling  
  62  8:02  Baneling x3  
  62  8:03  Baneling x3  
  62  8:04  Baneling  
  62  8:05  Zergling x8  
  66  8:17  Zerg Melee Weapons Level 1  
  51  8:32  Zergling x4  
  51  8:33  Zergling x8  
  54  8:40  Zergling x4  
  54  8:41  Zergling x8  
  58  8:48  Queen x2  
  55  9:08  Baneling x2  
  54  9:13  Zergling x6  
  54  9:14  Zergling x6  
  57  9:22  Zergling x6  
  59  9:45  Hydralisk Den  
  59  9:47  Hatchery  
  59  9:52  Overseer  
  46  10:07  Zergling x2  
  46  10:08  Zergling x14  
  54  10:20  Zergling x4  
Tags
 
Composition
Mech
Matchup
TvZ
Spawn Locations
Cross Positions
Add a new tag
Caveats
  • Supply blocks, unpowered buildings, or Contaminate may cause inaccurate times.
  • Supply counts are checked every 10 seconds.